 Dungeon Crawl Stone Soup version 0.21.0-3-g78d12a8 (webtiles) character file.

540511 JimmahDean the Slayer (level 24, -19/264 HPs)
             Began as a Minotaur Monk on Jan 12, 2018.
             Was the Champion of Okawaru.
             Demolished by an Orb Guardian (48 damage)
             ... on level 5 of the Realm of Zot on Jan 13, 2018.
             The game lasted 03:23:33 (62510 turns).

JimmahDean the Slayer (Minotaur Monk)              Turns: 62510, Time: 03:23:33

Health: -19/264    AC: 41    Str: 31    XL:     24   Next: 72%
Magic:  28/28      EV: 30    Int:  4    God:    Okawaru [******]
Gold:   3678       SH:  0    Dex: 31    Spells: 18/23 levels left

rFire    + + +     SeeInvis .   X - +11 great mace of the Rattle-Snake {drain, rC+}
rCold    + + +     Gourm    .   (shield currently unavailable)
rNeg     . . .     Faith    .   v - +2 gold dragon scales
rPois    +         Spirit   .   h - +2 hat of Disaster {Str+3}
rElec    .         Reflect  .   G - scarf {rC+ rF+}
rCorr    .         Harm     .   H - +2 pair of gloves {Str+3}
MR       +++..                  p - +2 pair of boots {run}
Stlth    ..........             I - amulet of Nona {rF+ MR+ Regen+ Int-3 Dex+4}
HPRegen  0.94/turn              n - ring "Luhy" {MR+ Int+2}
MPRegen  0.21/turn              l - ring "Curofu" {AC+4 Dex+6}

@: agile, silence, hasted, very quick
A: retaliatory headbutt, horns 2, dopey 1, robust 1, MP-powered wands
}: 3/15 runes: decaying, serpentine, abyssal
a: Renounce Religion


You were on level 5 of the Realm of Zot.
You worshipped Okawaru.
Okawaru was exalted by your worship.
You were completely stuffed.

You visited 9 branches of the dungeon, and saw 46 of its levels.
You visited the Abyss 1 time.
You also visited: Labyrinth.

You collected 5107 gold pieces.
You spent 1429 gold pieces at shops.

Inventory:

Hand Weapons
 X - the +11 great mace of the Rattle-Snake (weapon) {drain, rC+}
   (Okawaru gifted it to you on level 15 of the Dungeon)

   A truly terrible weapon, it drains the life of those it strikes.
   It protects you from cold.
Missiles
 u - 5 throwing nets (quivered) {!f}
 A - 7 silver javelins
Armour
 h - the +2 hat of Disaster (worn) {Str+3}
   (You acquired it on level 2 of the Snake Pit)

   It affects your strength (+3).
 p - a +2 pair of boots of running (worn)
 v - +2 gold dragon scales (worn)
 G - a scarf of resistance (worn)
 H - a +2 pair of gloves of strength (worn)
Jewellery
 l - the ring "Curofu" (right hand) {AC+4 Dex+6}
   (You acquired it on level 1 of the Swamp)

   [ring of protection]

   It affects your AC (+4).
   It affects your dexterity (+6).
 n - the ring "Luhy" (left hand) {MR+ Int+2}
   (You took it off an orc warrior on level 5 of the Dungeon)

   [ring of protection from magic]

   It affects your intelligence (+2).
   It affects your resistance to hostile enchantments.
 I - the amulet of Nona (around neck) {rF+ MR+ Regen+ Int-3 Dex+4}
   (You took it off a tengu reaver on level 3 of the Depths)

   [amulet of regeneration]

   It affects your intelligence (-3).
   It affects your dexterity (+4).
   It protects you from fire.
   It affects your resistance to hostile enchantments.
   It increases your rate of regeneration.
 J - an uncursed ring of see invisible
Wands
 a - a wand of scattershot (8)
 e - a wand of flame (31)
 i - a wand of paralysis (22)
 z - a wand of digging (9)
 C - a wand of polymorph (96)
 K - a wand of iceblast (7)
 R - a wand of clouds (8)
Scrolls
 f - a scroll of summoning
 g - 23 scrolls of teleportation {@r4}
 m - 3 scrolls of identify {@r1}
 o - 7 scrolls of magic mapping
 r - 23 scrolls of remove curse {@r2}
 t - 7 scrolls of fog
 w - 3 scrolls of blinking
 N - 2 scrolls of enchant weapon
 O - 4 scrolls of holy word
 Q - a scroll of amnesia
 Z - 8 scrolls of fear
Potions
 d - 2 potions of flight
 j - 4 potions of agility
 k - 8 potions of lignification {!q}
 q - 4 potions of invisibility
 s - 3 potions of haste {@q3}
 x - 5 potions of heal wounds {@q2}
 B - 6 potions of might
 D - 5 potions of resistance
 E - 17 potions of curing {@q1}
 V - a potion of cancellation
 W - 4 potions of berserk rage
 Y - 7 potions of mutation {!q}
Miscellaneous
 L - a phantom mirror
 M - a lamp of fire
 P - a box of beasts
 S - a lightning rod (4/4) {!a}
 T - 3 sacks of spiders
 U - a fan of gales
Comestibles
 c - 74 rations {@e1}


   Skills:
 + Level 24.8 Fighting
 - Level 20.0 Maces & Flails
 - Level 4.0 Throwing
 + Level 23.9 Armour
 + Level 20.0 Dodging
 - Level 1.5 Stealth
   Level 4.3 Shields
 - Level 8.0 Summonings
 - Level 11.0 Translocations
 - Level 8.1 Invocations
 - Level 8.0 Evocations


You had 18 spell levels left.
You knew the following spells:

 Your Spells              Type           Power        Failure   Level  Hunger
a - Apportation           Tloc           #.....       4%          1    ##.....
b - Summon Butterflies    Summ           #.......     14%         1    ##.....
c - Lesser Beckoning      Tloc           #.........   12%         3    ####...


Dungeon Overview and Level Annotations

Branches:
Dungeon (15/15)            Temple (1/1) D:6            Lair (6/6) D:10
  Swamp (4/4) Lair:3        Snake (4/4) Lair:3        Slime (0/5) Lair:6
    Orc (2/2) D:12            Elf (0/3) Orc:2        Vaults (4/5) D:13
  Crypt (0/3) Vaults:3     Depths (5/5) D:15            Zot (5/5) Depths:5

Altars:
Ashenzari
Cheibriados
Dithmenos
Elyvilon
Fedhas
Gozag
Hepliaklqana
Kikubaaqudgha
Makhleb
Nemelex Xobeh
Okawaru
Qazlal
Ru
Sif Muna
Trog
Uskayaw
Vehumet
Wu Jian
Xom
Yredelemnul
Zin
The Shining One
Jiyva

Shops:
Orc:2 [[(?   Vaults:1 =   Vaults:2 (*   Zot:5 *   Depths:5 **

Portals:
Hell: Depths:1 Depths:2 Depths:3 Depths:4 Depths:5
Abyss: Depths:4
Pandemonium: Depths:3 Depths:4
Ziggurat: Depths:2

Annotations:
D:3 Sigmund
Lair:2 exclusion: 3 oklob plants
Vaults:5 vaults:5!
Zot:3 2 runed doors, exclusion: 36 doors


Innate Abilities, Weirdness & Mutations

You reflexively headbutt those who attack you in melee.
You have a pair of horns on your head.
You are dopey. (Int -2)
You are robust. (+10% HP)
You expend magic power (3 MP) to strengthen your wands.


Message History

You closely miss the Orb Guardian. You headbutt the Orb Guardian!
The Orb Guardian hits you but does no damage. x3
The storm dragon misses you. You furiously retaliate!
You headbutt the storm dragon.
The storm dragon completely misses you. x2
You feel much better.
The Orb Guardian hits you but does no damage.
The Orb Guardian hits you!
* * * LOW HITPOINT WARNING * * *
The Orb Guardian hits you but does no damage.
The Orb Guardian misses you. You furiously retaliate!
You headbutt the Orb Guardian.
The storm dragon bites you but does no damage.
The storm dragon claws you.
* * * LOW HITPOINT WARNING * * *
The storm dragon completely misses you.
You regained 4 hp, and now have 28/264 hp.
You bludgeon the Orb Guardian!!
You headbutt the Orb Guardian, but do no damage.
The Orb Guardian hits you!!!
You die...

,,,,,,*,,,,,,,,,,,,,,,,,,,,,,**
,,,,,**,,,,,,,,,,,,,,,,,,,,,,,**
,,,,***,,,,,,,,,,,,,,,,,,,,,,,,*
***** *,,,,,,,,,,,,,,,,,,,,,,,,*
**,,,,,,,,,,,,,,,,,,,,,,**
***,,,,,,,,,,,,,,,.,,,**
****,,,,,,,,,,...,,**
*▓▓▓▓▓▓▓▓▓▓▓##....,**
***......X@X........,,**
**,,..##..DXX........,,,**
######.,,**#....y^........,,,,**
........**#.!.....?.......,,,,,*
.......#* #.........(.....,,,,,*
.......# #.....$.........,,,,,*
......#* #...............,,,,,*
^.....# #...............,,,,,*
......## *...............,,,,,*


You could see a storm dragon, 4 Orb Guardians and a moth of wrath.

Vanquished Creatures
  2 orbs of fire (Zot:5)
  5 ancient liches (Zot:5)
  Sojobo (Depths:4)
  Bai Suzhen (Swamp:3)
  the Lernaean hydra (Swamp:3)
  A Killer Klown (Zot:5)
  5 caustic shrikes (Depths:5)
  A curse toe (Zot:4)
  Nikola (Swamp:4)
  7 golden dragons
  8 Orb Guardians (Zot:5)
  3 tentacled monstrosities
  3 quicksilver dragons (Zot:5)
  A lich (Depths:2)
  A tentacled starspawn (Abyss:2)
  Gastronok (D:10)
  3 sphinxes
  2 thorn hunters
  Donald (Vaults:1)
  Kirke (Swamp:1)
  7 tengu reavers
  5 draconian monks
  3 shadow dragons
  10 nagarajas
  6 storm dragons
  A daeva (Depths:4)
  An iron dragon (Depths:2)
  3 fire giants
  2 draconian knights
  Aizul (Snake:4)
  10 frost giants
  Louise (D:14)
  6 vault wardens
  12 ironheart preservers
  3 draconian shifters (Zot:3)
  A curse skull (Vaults:3)
  A draconian stormcaller (Zot:3)
  A deep elf elementalist (Depths:3)
  A reaper (Abyss:3)
  A spriggan defender (Depths:3)
  2 caustic shrike skeletons (Depths:2)
  15 stone giants
  23 very ugly things
  6 vampire knights
  3 purple draconians
  15 spark wasps
  5 yellow draconians
  3 black draconians
  3 white draconians
  3 red draconians
  9 ettins
  A green death (Depths:3)
  A crystal guardian (Vaults:4)
  Snorg (D:11)
  The ghost of Yore the Grappler, a journeyman TrMo (D:11)
  A minotaur (Lab)
  A deep elf death mage (Vaults:3)
  13 fire dragons
  A deep elf high priest (Depths:5)
  21 yaktaur captains
  6 vault guards
  23 hydras
  4 rakshasas
  11 ice dragons
  2 spriggan air magi
  3 great orbs of eyes
  Erolcha (Orc:1)
  10 naga warriors
  13 alligators
  2 catoblepae
  66 two-headed ogres
  A ghost crab (Swamp:4)
  7 centaur warriors
  18 ogre magi
  7 deep troll earth magi
  A death knight (Vaults:1)
  4 hell hogs (Abyss:3)
  8 tengu warriors
  11 anacondas
  6 death yaks (Lair:6)
  7 hell knights (Depths:4)
  10 deep troll shamans
  Urug (Lair:4)
  A vampire mage (Depths:2)
  7 shock serpents
  A thrashing horror (Abyss:3)
  10 naga sharpshooters
  7 spriggan berserkers
  Nergalle (Lair:2)
  5 deep elf knights
  A titan skeleton (Depths:4)
  A wretched star (Abyss:1)
  A shadow wraith (Vaults:1)
  2 skeletal warriors
  A golden dragon zombie (Depths:2)
  8 iron trolls
  A gelid demonspawn (Depths:3)
  2 salamander mystics
  A tengu zombie (Depths:4)
  A death drake (Abyss:3)
  9 unseen horrors
  A swamp dragon (shapeshifter) (Depths:5)
  6 spriggan druids
  A spark wasp zombie (Depths:4)
  3 glowing orange brains
  12 swamp dragons
  28 deep trolls
  6 wizards
  3 phantasmal warriors
  4 flayed ghosts
  4 harpies (Vaults:3)
  2 deep elf archers
  6 naga ritualists
  A shadow dragon zombie (Depths:2)
  7 necromancers
  10 ironbrand convokers
  2 lindwurms (Lair:6)
  12 orc knights
  11 deep elf magi
  A frost giant zombie (Depths:4)
  81 ugly things
  A shining eye (Abyss:3)
  An orc sorcerer (Orc:2)
  A fire giant zombie (Depths:2)
  3 wolf spiders
  An iron dragon zombie (Depths:2)
  8 mana vipers
  5 moths of wrath
  10 cyclopes
  13 salamanders
  A shining eye (shapeshifter) (Depths:4)
  42 slime creatures
  2 manticores (D:15)
  12 elephants
  A fire giant skeleton (Depths:4)
  3 centaur zombies
  The ghost of blownbattery the Chopper, a novice GrGl of Xom (D:6)
  A rust devil (Depths:3)
  A shock serpent zombie (Abyss:2)
  A spriggan zombie (Depths:4)
  A guardian serpent (Snake:2)
  11 vault sentinels
  2 orange demons
  5 torpor snails (Lair:6)
  5 spectral swamp worms (Depths:4)
  26 spiny frogs
  4 gargoyles
  43 black mambas
  A yaktaur zombie (Vaults:1)
  3 rime drakes
  15 naga magi
  54 yaktaurs
  3 kobold demonologists (D:13)
  A yaktaur (shapeshifter) (D:14)
  A demonic crawler (Abyss:2)
  10 komodo dragons
  4 freezing wraiths
  A redback zombie (D:13)
  4 tengu conjurers
  An efreet (D:13)
  2 catoblepas skeletons (Abyss:3)
  An ancient zyme (Abyss:1)
  A polar bear (shapeshifter) (Depths:2)
  A meliai (D:14)
  10 tyrant leeches
  16 trolls
  A queen bee (D:9)
  A blink frog (shapeshifter) (Depths:1)
  19 hornets
  4 blink frogs (Lair:5)
  11 bog bodies
  9 raiju
  11 large abominations
  A fire giant simulacrum (Vaults:1)
  A harpy skeleton (Abyss:3)
  A meliai zombie (D:12)
  A spriggan skeleton (Depths:2)
  13 hippogriffs
  8 starcursed masses
  10 spriggans
  30 yaks
  8 air elementals
  8 wraiths
  4 shadows
  18 flying skulls
  A spriggan (shapeshifter) (Vaults:1)
  3 hogs (Swamp:1)
  4 water elementals (Depths:1)
  4 wyverns
  2 hungry ghosts
  A human (shapeshifter) (Vaults:2)
  A steam dragon (Lair:6)
  An elf zombie (Depths:4)
  A yaktaur simulacrum (Vaults:3)
  7 basilisks
  A basilisk (shapeshifter) (Depths:2)
  7 chaos spawn
  A neqoxec (Abyss:1)
  26 vampire mosquitoes
  A soldier ant (D:12)
  19 swamp worms
  40 nagas
  A warg (shapeshifter) (Vaults:4)
  6 acid dragons
  9 wargs
  14 water moccasins
  3 insubstantial wisps (Swamp:4)
  8 small abominations
  10 porcupines
  9 swamp drakes
  3 black bears
  31 orc warriors
  A phantom (D:12)
  3 sky beasts
  An ettin simulacrum (Depths:2)
  2 eyes of draining
  8 ice beasts
  3 human zombies (Vaults:1)
  49 ogres
  9 boggarts
  23 centaurs
  8 crocodiles
  5 big kobolds
  10 earth elementals (Abyss:3)
  A bullfrog (shapeshifter) (Vaults:4)
  20 bullfrogs
  A glowing shapeshifter simulacrum (Vaults:2)
  A gnoll sergeant (D:11)
  3 wyvern zombies
  2 water moccasin zombies
  3 wyvern skeletons
  9 scorpions
  33 killer bees
  An electric eel (Lair:2)
  7 howler monkeys
  6 crimson imps
  2 quasits
  7 hounds
  A jelly (shapeshifter) (Vaults:4)
  A bullfrog zombie (D:11)
  5 jellies
  22 orc wizards
  3 centaur skeletons
  20 orc priests
  5 bullfrog skeletons
  8 iguanas
  8 worker ants
  A hound skeleton (D:7)
  12 gnolls
  13 adders
  4 shadow imps
  An ufetubus (Abyss:3)
  An ooze (D:4)
  An adder zombie (D:7)
  2 adder skeletons
  2 worms
  2 leopard geckos
  82 orcs
  3 bats
  5 giant cockroaches
  6 goblins
  7 hobgoblins
  11 jackals
  5 quokkas
  5 ball pythons
  23 kobolds
  A leopard gecko zombie (D:7)
  3 rats
  2 briar patches (Swamp:3)
  2 plants
  A starspawn tentacle (Abyss:2)
1929 creatures vanquished.

Vanquished Creatures (others)
  A lich (Vaults:1)
  A shadow wraith (Vaults:1)
  A moth of wrath (Zot:5)
  A spriggan (Swamp:4)
  A hog (Swamp:1)
  A human (Swamp:1)
  2 swamp drakes (Swamp:4)
  2 orc wizards
  2 bushes (D:10)
  8 fungi
  43 plants
  A starspawn tentacle (Abyss:2)
64 creatures vanquished.

Grand Total: 1993 creatures vanquished

Notes
Turn   | Place    | Note
-------+----------+-------------------------------------------
     0 | D:1      | JimmahDean the Minotaur Monk began the quest for the Orb.
     0 | D:1      | Reached XP level 1. HP: 19/19 MP: 0/0
   225 | D:1      | Reached XP level 2. HP: 26/26 MP: 1/1
   664 | D:2      | Found an opulent altar of Gozag.
   666 | D:2      | Found a radiant altar of Vehumet.
   701 | D:2      | Reached skill level 1 in Throwing
   701 | D:2      | Reached XP level 3. HP: 31/31 MP: 2/2
   708 | D:2      | Reached skill level 5 in Maces & Flails
  1263 | D:2      | Reached XP level 4. HP: 38/39 MP: 3/3
  1490 | D:2      | Found a sacrificial altar of Ru.
  1851 | D:3      | Reached XP level 5. HP: 41/45 MP: 4/4
  1926 | D:3      | Noticed Sigmund
  2167 | D:3      | Found a snail-covered altar of Cheibriados.
  2222 | D:3      | Found a stormy altar of Qazlal.
  2289 | D:3      | Found a shimmering altar of Xom.
  2289 | D:3      | Found a bloodstained altar of Trog.
  2652 | D:4      | Noticed an ogre
  2658 | D:4      | Killed an ogre
  2713 | D:4      | Reached XP level 6. HP: 51/51 MP: 5/5
  3300 | D:4      | Learned a level 1 spell: Apportation
  3413 | D:4      | Reached XP level 7. HP: 47/57 MP: 6/6
  3780 | D:5      | Entered Level 5 of the Dungeon
  3877 | D:5      | Reached skill level 4 in Fighting
  4436 | D:6      | Reached skill level 5 in Fighting
  4436 | D:6      | Reached XP level 8. HP: 29/68 MP: 7/7
  4653 | D:5      | Reached skill level 10 in Maces & Flails
  4884 | D:6      | Reached skill level 1 in Armour
  4961 | D:5      | Got a sparkling silver ring
  5116 | D:5      | Identified the ring "Luhy" {MR+ Int+2} (You took it off an orc warrior on level 5 of the Dungeon)
  5711 | D:6      | Noticed blownbattery's ghost (novice GrGl)
  6170 | D:6      | Killed blownbattery's ghost
  6403 | D:6      | Found a staircase to the Ecumenical Temple.
  6412 | Temple   | Entered the Ecumenical Temple
  6632 | Temple   | Became a worshipper of Warmaster Okawaru
  6632 | Temple   | Reached * piety under Okawaru
  6632 | Temple   | Reached ** piety under Okawaru
  6710 | D:7      | Reached skill level 5 in Dodging
  6714 | D:7      | Reached XP level 9. HP: 58/74 MP: 8/8
  7748 | D:7      | Reached skill level 5 in Armour
  8135 | D:7      | Reached *** piety under Okawaru
  8229 | D:7      | Reached skill level 6 in Fighting
  9016 | D:8      | Noticed a two-headed ogre
  9403 | D:8      | Reached XP level 10. HP: 53/84 MP: 9/9
  9411 | D:8      | Reached skill level 7 in Fighting
  9633 | D:8      | Killed a two-headed ogre
  9633 | D:8      | Reached **** piety under Okawaru
  9928 | D:8      | Reached skill level 8 in Fighting
  9928 | D:8      | Reached skill level 1 in Invocations
 10191 | D:8      | Found a bloodstained altar of Trog.
 11007 | D:9      | Reached skill level 9 in Fighting
 11376 | D:9      | Noticed a wolf spider
 11398 | D:9      | Noticed a gargoyle
 11682 | D:9      | Reached ***** piety under Okawaru
 11682 | D:9      | Reached skill level 10 in Fighting
 12369 | D:10     | Entered Level 10 of the Dungeon
 12477 | D:10     | Reached skill level 5 in Invocations
 12608 | D:10     | Reached XP level 11. HP: 93/99 MP: 13/13
 12671 | D:10     | Killed an unseen horror
 12968 | D:10     | Received a gift from Okawaru
 13282 | D:10     | Killed an unseen horror
 13297 | D:10     | Noticed a two-headed ogre
 13309 | D:10     | Killed a two-headed ogre
 13571 | D:10     | Noticed Gastronok
 13611 | D:10     | Killed an unseen horror
 13902 | D:10     | Noticed a red ugly thing
 13922 | D:10     | Killed a red ugly thing
 14099 | D:10     | Found a staircase to the Lair.
 14111 | Lair:1   | Entered Level 1 of the Lair of Beasts
 14111 | Lair:1   | Noticed a six-headed hydra
 14378 | D:10     | Killed Gastronok
 14378 | D:10     | Reached skill level 10 in Armour
 14582 | D:11     | Found a labyrinth entrance.
 14594 | Lab      | Entered a labyrinth
 14701 | Lab      | Noticed a minotaur
 14706 | Lab      | Killed a minotaur
 14706 | Lab      | Reached skill level 1 in Evocations
 14706 | Lab      | Reached XP level 12. HP: 103/107 MP: 9/17
 14711 | Lab      | Got a crude ring mail
 14736 | Lab      | Got an ichor-stained rapier {pierce}
 14918 | D:11     | Identified the +6 rapier of Demonkind {pierce, Str+3} (You took it off a minotaur in a labyrinth)
 14931 | D:11     | Identified the +0 ring mail of the Armoured One {Int+4} (You took it off a minotaur in a labyrinth)
 14986 | D:11     | Noticed a seven-headed hydra
 15002 | D:11     | Killed a seven-headed hydra
 15282 | D:11     | Noticed a two-headed ogre
 15288 | D:11     | Killed a two-headed ogre
 15288 | D:11     | Reached ****** piety under Okawaru
 15288 | D:11     | Received a gift from Okawaru
 15745 | D:11     | Noticed Snorg
 15754 | D:11     | Killed Snorg
 15754 | D:11     | Reached skill level 11 in Fighting
 15852 | D:11     | Noticed Yore's ghost (journeyman TrMo)
 15871 | D:11     | Killed Yore's ghost
 16247 | D:10     | Killed a six-headed hydra
 16914 | Lair:1   | Received a gift from Okawaru
 17005 | Lair:1   | Noticed a six-headed hydra
 17010 | Lair:1   | Killed a six-headed hydra
 17083 | Lair:2   | Noticed Nergalle
 17091 | Lair:2   | Killed Nergalle
 18070 | Lair:3   | Found a staircase to the Snake Pit.
 18094 | Lair:3   | Reached XP level 13. HP: 112/117 MP: 18/18
 18289 | Lair:3   | Found a staircase to the Swamp.
 19006 | Lair:3   | Found a shimmering altar of Xom.
 19654 | Lair:4   | Noticed Urug
 19670 | Lair:4   | Killed Urug
 19670 | Lair:4   | Reached skill level 5 in Evocations
 19801 | Lair:4   | Reached skill level 12 in Fighting
 20163 | Lair:4   | Found a blossoming altar of Fedhas.
 20664 | Lair:5   | Reached skill level 15 in Maces & Flails
 20676 | Lair:5   | Received a gift from Okawaru
 21326 | Lair:5   | Identified a scroll of acquirement
 21328 | Lair:5   | Got a translucent shield
 21626 | Lair:6   | Entered Level 6 of the Lair of Beasts
 22396 | Lair:6   | Received a gift from Okawaru
 22659 | Lair:6   | Reached XP level 14. HP: 100/127 MP: 19/19
 22905 | Lair:6   | Found a runed door.
 23347 | Lair:6   | Paralysed by a hornet for 3 turns
 23383 | Lair:6   | Paralysed by a hornet for 2 turns
 23401 | Lair:6   | Reached skill level 13 in Fighting
 23770 | Lair:6   | Paralysed by a hornet for 3 turns
 23991 | Lair:6   | Found a viscous altar of Jiyva.
 23991 | Lair:6   | Found a staircase to the Slime Pits.
 25198 | D:11     | Reached skill level 10 in Dodging
 25385 | D:12     | Received a gift from Okawaru
 25863 | D:12     | Found a staircase to the Orcish Mines.
 26094 | Orc:1    | Entered Level 1 of the Orcish Mines
 26269 | Orc:2    | Entered Level 2 of the Orcish Mines
 26645 | Orc:1    | Received a gift from Okawaru
 26649 | Orc:1    | Got a smoking morningstar {god gift}
 26650 | Orc:1    | Identified the +5 morningstar of Mana {crush, rC+ Str+2} (Okawaru gifted it to you on level 1 of the Orcish Mines)
 26656 | Orc:1    | Identified the +0 shield of the Grue {rN+ MR- Int+7 Slay+5} (You acquired it on level 5 of the Lair of Beasts)
 27103 | Orc:2    | Reached skill level 1 in Shields
 27170 | Orc:2    | Found Wetept's Weapon Shoppe.
 27188 | Orc:2    | Found Xigoene's Antique Armour Shoppe.
 27188 | Orc:2    | Found Ysohad's Magic Scroll Shop.
 27196 | Orc:2    | Bought a pair of runed boots for 240 gold pieces
 27268 | Orc:2    | Found Aqiom's Armour Emporium.
 27272 | Orc:2    | Bought a scroll of identify for 32 gold pieces
 27272 | Orc:2    | Bought a scroll of fear for 56 gold pieces
 27272 | Orc:2    | Bought a scroll of enchant weapon for 120 gold pieces
 27273 | Orc:2    | Bought a scroll of identify for 32 gold pieces
 27279 | Orc:2    | Bought a +1 chain mail of magic resistance for 165 gold pieces
 27296 | Orc:2    | Found a bloodstained altar of Trog.
 27334 | Orc:2    | Reached XP level 15. HP: 137/137 MP: 20/20
 27367 | Orc:2    | Received a gift from Okawaru
 27908 | Orc:1    | Noticed Erolcha
 27926 | Orc:1    | Killed Erolcha
 28341 | Orc:2    | Found a staircase to the Elven Halls.
 28613 | D:13     | Reached skill level 14 in Fighting
 29431 | D:13     | Received a gift from Okawaru
 29855 | D:13     | Learned a level 1 spell: Summon Butterflies
 29859 | D:13     | Learned a level 3 spell: Lesser Beckoning
 30134 | D:13     | Got a shimmering jade ring
 30136 | D:13     | Identified the ring of Moderation {-Tele rElec rPois Int-3 Dex+5} (You found it on level 13 of the Dungeon)
 30308 | D:13     | Found a gate to the Vaults.
 30913 | D:14     | Noticed Louise
 30932 | D:14     | Killed Louise
 31957 | D:15     | Entered Level 15 of the Dungeon
 32299 | D:15     | Received a gift from Okawaru
 32299 | D:15     | Reached skill level 15 in Fighting
 32299 | D:15     | Reached skill level 15 in Armour
 32300 | D:15     | Got a polished great mace {god gift}
 32301 | D:15     | Identified the +11 great mace of the Rattle-Snake {drain, rC+} (Okawaru gifted it to you on level 15 of the Dungeon)
 32410 | D:15     | Reached XP level 16. HP: 145/149 MP: 21/21
 32747 | D:15     | Found a staircase to the Depths.
 32978 | D:15     | Found the +3 giant club "Skullcrusher" {speed, Str+7}
 33051 | D:15     | Received a gift from Okawaru
 33657 | Swamp:1  | Entered Level 1 of the Swamp
 33885 | Swamp:1  | Noticed Kirke
 33919 | Swamp:1  | Killed Kirke
 33926 | Swamp:1  | Got a slimy iron ring
 33928 | Swamp:1  | Identified the ring "Curofu" {AC+4 Dex+6} (You acquired it on level 1 of the Swamp)
 35733 | Swamp:3  | Received a gift from Okawaru
 35813 | Swamp:3  | Noticed Bai Suzhen
 35840 | Swamp:3  | Killed Bai Suzhen
 35867 | Swamp:3  | Noticed a thorn hunter
 35891 | Swamp:3  | Killed a thorn hunter
 36168 | Swamp:3  | Found a hide-covered altar of Uskayaw.
 36615 | Swamp:4  | Entered Level 4 of the Swamp
 36665 | Swamp:4  | Noticed Nikola
 36680 | Swamp:4  | Killed Nikola
 36711 | Swamp:4  | Reached XP level 17. HP: 149/156 MP: 22/22
 37314 | Swamp:4  | Noticed the 27-headed Lernaean hydra
 37759 | Swamp:4  | Received a gift from Okawaru
 38085 | Swamp:4  | Got a decaying rune of Zot
 38416 | Swamp:3  | Killed the 27-headed Lernaean hydra
 38512 | Snake:1  | Entered Level 1 of the Snake Pit
 38606 | Snake:1  | Received a gift from Okawaru
 39329 | Snake:2  | Received a gift from Okawaru
 39689 | Snake:2  | Got a fine hat
 39700 | Snake:2  | Identified the +2 hat of Disaster {Str+3} (You acquired it on level 2 of the Snake Pit)
 40120 | Snake:3  | Reached skill level 15 in Dodging
 40134 | Snake:3  | Reached XP level 18. HP: 133/163 MP: 23/23
 40974 | Snake:4  | Entered Level 4 of the Snake Pit
 41043 | Snake:4  | Found a runed gate.
 41043 | Snake:4  | Found a runed gate.
 41044 | Snake:4  | Found a runed gate.
 41176 | Snake:4  | Reached skill level 16 in Fighting
 41231 | Snake:4  | Found a burning altar of Makhleb.
 41466 | Snake:4  | Received a gift from Okawaru
 41687 | Snake:4  | Reached skill level 17 in Fighting
 42007 | Snake:4  | Got a serpentine rune of Zot
 42159 | Snake:4  | Noticed Aizul
 42173 | Snake:4  | Killed Aizul
 42808 | Vaults:1 | Entered Level 1 of the Vaults
 42919 | Vaults:1 | Noticed Donald
 42934 | Vaults:1 | Killed Donald
 43042 | Vaults:1 | Reached skill level 18 in Fighting
 43421 | Vaults:1 | Reached XP level 19. HP: 161/180 MP: 21/24
 43500 | Vaults:1 | Received a gift from Okawaru
 43644 | Vaults:1 | Received a gift from Okawaru
 43951 | Vaults:1 | Reached skill level 19 in Fighting
 44047 | Vaults:1 | Found Jacatare's Jewellery Shoppe.
 44083 | Vaults:1 | Received a gift from Okawaru
 44552 | Vaults:2 | Found Nuhinlaox's Assorted Antiques.
 44555 | Vaults:2 | Bought a wand of digging (14) for 272 gold pieces
 44778 | Vaults:2 | Reached skill level 20 in Fighting
 44845 | Vaults:2 | Reached skill level 1 in Summonings
 44845 | Vaults:2 | Reached skill level 1 in Translocations
 44854 | Vaults:2 | Received a gift from Okawaru
 45641 | Vaults:2 | Received a gift from Okawaru
 46108 | Vaults:2 | Found Affy's Antique Weapon Shop.
 46118 | Vaults:2 | Paralysed by a hornet for 2 turns
 46121 | Vaults:2 | Reached skill level 5 in Summonings
 46124 | Vaults:2 | Reached skill level 5 in Translocations
 46573 | Vaults:2 | Reached XP level 20. HP: 193/193 MP: 25/25
 46684 | Vaults:2 | Got a pair of bloodstained gloves
 46695 | Vaults:2 | Identified the -4 pair of gloves of Tenacity {Str+4} (You acquired it on level 2 of the Vaults)
 46707 | Vaults:2 | Found the +2 pair of boots of the Assassin {Detection Stab+ Stlth++}
 47435 | Vaults:3 | Found a staircase to the Crypt.
 47445 | Vaults:3 | Received a gift from Okawaru
 48561 | Vaults:4 | Identified the +3 plate armour of the Sacrificial Victim {rPois SInv} (You found it on level 4 of the Vaults)
 48639 | Vaults:4 | Received a gift from Okawaru
 50225 | Depths:1 | Entered Level 1 of the Depths
 50598 | Depths:1 | Received a gift from Okawaru
 50598 | Depths:1 | Reached XP level 21. HP: 128/203 MP: 21/26
 50790 | Depths:1 | Identified a +1 pair of boots of running (Okawaru gifted it to you on level 1 of the Depths)
 50920 | Depths:1 | Reached skill level 21 in Fighting
 50958 | Depths:1 | Found an opulent altar of Gozag.
 51174 | Depths:1 | Found a gateway to Hell.
 51628 | Depths:1 | Found a bloodstained altar of Trog.
 51638 | Depths:1 | Found a shimmering altar of Xom.
 51638 | Depths:1 | Found a shadowy altar of Dithmenos.
 51640 | Depths:1 | Found a basalt altar of Yredelemnul.
 51640 | Depths:1 | Found a basalt altar of Yredelemnul.
 51640 | Depths:1 | Found a basalt altar of Yredelemnul.
 51708 | Depths:2 | Found a gateway to a ziggurat.
 51973 | Depths:2 | Received a gift from Okawaru
 51986 | Depths:2 | Reached skill level 22 in Fighting
 52011 | Depths:2 | Identified the +3 plate armour "Vayn" {rN+ Str+7} (Okawaru gifted it to you on level 2 of the Depths)
 52357 | Depths:2 | Noticed a golden dragon
 52365 | Depths:2 | Killed a golden dragon
 52928 | Depths:2 | Reached skill level 10 in Translocations
 52958 | Depths:2 | Noticed a golden dragon
 52983 | Depths:2 | Killed a golden dragon
 52990 | Depths:2 | Noticed a golden dragon
 52990 | Depths:2 | Reached skill level 23 in Fighting
 53017 | Depths:2 | Killed a golden dragon
 53408 | Depths:2 | Reached XP level 22. HP: 189/220 MP: 23/27
 53468 | Depths:2 | Identified the ring "Emuaw" {rC++ MR+ MP+9} (You took it off a frost giant on level 2 of the Depths)
 54215 | Depths:2 | Identified the Compendium of Shifting Stones
 55055 | Depths:3 | Received a gift from Okawaru
 55533 | Depths:3 | Reached skill level 24 in Fighting
 55992 | Depths:3 | Noticed a golden dragon
 56040 | Depths:3 | Killed a golden dragon
 56049 | Depths:3 | Received a gift from Okawaru
 56357 | Depths:3 | Got a slimy glass ring
 56357 | Depths:3 | Got a warped jade ring
 56357 | Depths:3 | Got a scintillating ruby amulet
 56358 | Depths:3 | Identified the ring of the Aged Nights {rF+ rC+} (You took it off a frost giant on level 3 of the Depths)
 56359 | Depths:3 | Identified the ring of the Suburbs {rPois MP+9 Int+6 SInv} (You took it off a deep elf elementalist on level 3 of the Depths)
 56360 | Depths:3 | Identified the amulet of Nona {rF+ MR+ Regen+ Int-3 Dex+4} (You took it off a tengu reaver on level 3 of the Depths)
 56492 | Depths:3 | Identified the ring of Impatience {Ice rPois Stlth+} (You found it on level 3 of the Depths)
 56681 | Depths:3 | Found a one-way gate leading to the halls of Pandemonium.
 56868 | Depths:4 | Found a glowing golden altar of the Shining One.
 57021 | Depths:4 | Noticed Sojobo
 57036 | Depths:4 | Killed Sojobo
 57710 | Depths:4 | Found a one-way gate to the infinite horrors of the Abyss.
 57735 | Depths:4 | Received a gift from Okawaru
 57858 | Depths:4 | Reached XP level 23. HP: 214/229 MP: 28/28
 58238 | Depths:4 | Received a gift from Okawaru
 58473 | Depths:5 | Entered Level 5 of the Depths
 58541 | Depths:5 | Found Asytene's Serpentskin Sales.
 58706 | Depths:5 | Noticed a caustic shrike
 58706 | Depths:5 | Noticed a caustic shrike
 58706 | Depths:5 | Noticed a caustic shrike
 58707 | Depths:5 | Noticed a caustic shrike
 58707 | Depths:5 | Noticed a caustic shrike
 58715 | Depths:5 | Killed a caustic shrike
 58720 | Depths:5 | Killed a caustic shrike
 58721 | Depths:5 | Killed a caustic shrike
 58723 | Depths:5 | Killed a caustic shrike
 58730 | Depths:5 | Killed a caustic shrike
 59232 | Depths:5 | Found a gate to the Realm of Zot.
 59315 | Depths:5 | Received a gift from Okawaru
 59585 | Depths:5 | Found Deshouza's General Store.
 60057 | Depths:4 | Voluntarily entered the Abyss.
 60108 | Abyss:1  | Gained mutation: You expend magic power (3 MP) to strengthen your wands. [a neqoxec]
 60345 | Abyss:2  | Received a gift from Okawaru
 60621 | Abyss:3  | Got an abyssal rune of Zot
 60843 | Depths:4 | Escaped the Abyss
 61003 | Zot:1    | Entered Level 1 of the Realm of Zot
 61139 | Zot:3    | Found a huge runed gate.
 61139 | Zot:3    | Found a huge runed gate.
 61228 | Zot:4    | Noticed a curse toe
 61340 | Zot:3    | Received a gift from Okawaru
 61412 | Zot:5    | Entered Level 5 of the Realm of Zot
 61412 | Zot:5    | Found Iso Qala's Changing Room.
 61431 | Zot:5    | Noticed a curse toe
 61616 | Zot:4    | Killed a curse toe
 61616 | Zot:4    | Reached XP level 24. HP: 63/238 MP: 28/28
 61619 | Zot:4    | Received a gift from Okawaru
 61847 | Zot:5    | Bought a potion of mutation for 128 gold pieces
 61847 | Zot:5    | Bought a potion of mutation for 128 gold pieces
 61847 | Zot:5    | Bought a potion of mutation for 128 gold pieces
 61847 | Zot:5    | Bought a potion of mutation for 128 gold pieces
 62380 | Zot:5    | Received a gift from Okawaru
 62381 | Zot:5    | Found the +4 skin of Zhor {rC+++}
 62394 | Zot:5    | Noticed an ancient lich
 62397 | Zot:5    | Noticed an ancient lich
 62398 | Zot:5    | Noticed an ancient lich
 62406 | Zot:5    | Killed an ancient lich
 62411 | Zot:5    | Killed an ancient lich
 62425 | Zot:5    | Killed an ancient lich
 62426 | Zot:5    | Noticed an orb of fire
 62434 | Zot:5    | Noticed an ancient lich
 62434 | Zot:5    | Noticed an orb of fire
 62435 | Zot:5    | Gained mutation: You are dopey. (Int -2) [an orb of fire]
 62443 | Zot:5    | Killed an orb of fire
 62451 | Zot:5    | Gained mutation: You are robust. (+10% HP) [an orb of fire]
 62454 | Zot:5    | Killed an orb of fire
 62459 | Zot:5    | Killed an ancient lich
 62471 | Zot:5    | Noticed an ancient lich
 62488 | Zot:5    | Killed an ancient lich
 62501 | Zot:5    | Received a gift from Okawaru
 62510 | Zot:5    | Demolished by an Orb Guardian

Skill      XL: |  1  2  3  4  5  6  7  8  9 10 11 12 13 14 15 16 17 18 19 20 21 22 23 24 |
---------------+-------------------------------------------------------------------------+-----
Maces & Flails | 4 5 6 7 8 9 11 13 14 15 17 19 20 | 20.0
Throwing       | 1 2 3 4 |  4.0
Fighting       | 5 6 10 11 12 13 15 18 20 23 24 | 24.8
Armour         | 3 5 10 11 12 13 15 16 18 20 23 | 23.9
Dodging        | 5 8 9 10 12 15 17 19 20 | 20.0
Invocations    | 5 8 |  8.1
Evocations     | 1 4 6 7 8 |  8.0
Shields        | 2 4 |  4.3
Summonings     | 5 8 |  8.0
Translocations | 5 8 10 11 | 11.0
Stealth        | |  1.5

Action                   |  1- 3 |  4- 6 |  7- 9 | 10-12 | 13-15 | 16-18 | 19-21 | 22-24 || total
-------------------------+-------+-------+-------+-------+-------+-------+-------+-------++-------
Melee: Mace              |    62 |    39 |       |       |       |       |       |       ||   101
       Headbutt          |     8 |    23 |    80 |   165 |   318 |   362 |   469 |   442 ||  1867
       Flail             |       |    90 |   432 |   417 |       |       |       |       ||   939
       Punch             |       |       |       |     5 |       |       |       |       ||     5
       Dire flail        |       |       |       |   164 |       |       |       |       ||   164
       Great mace        |       |       |       |   156 |  1055 |  1101 |  1266 |  1207 ||  4785
       Morningstar       |       |       |       |       |    80 |       |       |       ||    80
Throw: Tomahawk          |     7 |    11 |     5 |    18 |       |     6 |       |       ||    47
       Throwing net      |       |       |       |     1 |       |       |       |       ||     1
 Cast: Apportation       |       |       |       |       |       |       |       |     7 ||     7
       Lesser Beckoning  |       |       |       |       |       |       |       |     1 ||     1
Invok: Heroism           |       |       |       |     9 |     9 |     4 |     3 |     5 ||    30
       Finesse           |       |       |       |     2 |       |     1 |       |       ||     3
Evoke: Wand              |       |       |       |     4 |    10 |       |    19 |    14 ||    47
       Sack of spiders   |       |       |       |       |       |       |     1 |       ||     1
  Use: Potion            |     1 |       |     1 |     1 |       |     1 |       |     9 ||    13
       Scroll            |       |       |     7 |    14 |    10 |    11 |     6 |    17 ||    65
 Stab: Sleeping          |     2 |       |       |       |       |       |       |       ||     2
       Paralysed         |       |     1 |       |       |       |       |     2 |       ||     3
       Confused          |       |       |       |       |       |     2 |     2 |       ||     4
       Distracted        |       |       |       |       |       |       |     1 |     1 ||     2
  Eat: Chunk             |     1 |     6 |    17 |    25 |    38 |    27 |    32 |    25 ||   171
       Ration            |       |       |     1 |     2 |     2 |     3 |       |     4 ||    12
Armor: Robe              |     2 |       |       |       |       |       |       |       ||     2
       Chain mail        |    14 |    57 |   129 |     2 |   238 |    40 |       |       ||   480
       Scale mail        |     1 |       |       |       |       |       |       |       ||     1
       Skin              |       |       |    20 |       |       |       |       |       ||    20
       Plate armour      |       |       |       |   392 |   381 |   605 |   216 |       ||  1594
       Crystal plate arm |       |       |       |       |       |       |   330 |    60 ||   390
       Gold dragon scale |       |       |       |       |       |       |       |   624 ||   624
Dodge: Dodged            |    23 |    54 |   161 |   257 |   675 |   924 |   795 |   970 ||  3859
Block: Shield            |       |       |       |       |    27 |       |       |       ||    27
